 Dungeon Crawl Stone Soup version 0.26.1-11-gd32895ea62 (webtiles) character file.

Game seed: 15383933716628416794

39 dtburroughs the Skirmisher (level 3, -1/49 HPs)
             Began as a Minotaur Berserker on June 18, 2021.
             Was a Follower of Trog.
             Slain by a worm (4 damage)
             ... on level 2 of the Dungeon.
             The game lasted 00:01:47 (1337 turns).

dtburroughs the Skirmisher (Minotaur Berserker)     Turns: 1337, Time: 00:01:48

Health: -1/49      AC: 12    Str: 21    XL:     3   Next: 26%
Magic:  2/2        EV:  7    Int:  5    God:    Trog [*.....]
Gold:   69         SH:  0    Dex:  9    Spells: 2/2 levels left

rFire    . . .     SeeInvis .   a - +0 hand axe
rCold    . . .     Faith    .   (no shield)
rNeg     . . .     Spirit   .   i - +0 plate armour
rPois    .         Reflect  .   (helmet restricted)
rElec    .         Harm     .   b - +0 cloak
rCorr    .         Rampage  .   (no gloves)
Will     .....                  (no boots)
Stlth    ..........             (no amulet)
HPRegen  0.16/turn              (no ring)
MPRegen  0.08/turn              (no ring)

@: berserking, very quick
A: retaliatory headbutt, horns 2
a: Renounce Religion, Berserk


You were on level 2 of the Dungeon.
You worshipped Trog.
Trog was aware of your devotion.
You visited 1 branch of the dungeon, and saw 2 of its levels.

You collected 69 gold pieces.

Inventory:

Hand Weapons
 a - a +0 hand axe (weapon)
 j - a +0 morningstar
Armour
 b - a +0 cloak (worn)
 i - a +0 plate armour (worn)
Scrolls
 d - a scroll of teleportation {unknown}
 e - a scroll of enchant weapon {unknown}
 f - 2 scrolls of identify {unknown}
Potions
 c - a potion of ambrosia {unknown}
 g - a potion of curing {unknown}
 h - a potion of haste {unknown}


   Skills:
 + Level 4.1 Fighting
 + Level 4.1 Axes
 + Level 3.0 Armour
 + Level 2.8 Dodging


You had 2 spell levels left.
You didn't know any spells.
Your spell library was empty.

Dungeon Overview and Level Annotations

Branches:
Dungeon (2/15)

Altars:


Innate Abilities, Weirdness & Mutations

You reflexively headbutt those who attack you in melee.
You have a pair of horns on your head.


Message History

The centaur hits you but does no damage.
You barely miss the centaur. Your headbutt misses the centaur.
The centaur is heavily wounded.
You hit the worm. The centaur hits you. The worm bites you!
* * * LOW HITPOINT WARNING * * *
You hit the centaur.
The centaur is severely wounded.
You hit the worm. The centaur barely misses you.
The centaur hits you but does no damage.
You hit the centaur.
The centaur is almost dead.
You hit the worm. The centaur hits you.
* * * LOW HITPOINT WARNING * * *
The worm bites you but does no damage.
The centaur hits you but does no damage.
A red film seems to cover your vision as you go berserk!
You feel yourself moving faster!
You feel mighty! The centaur hits you.
* * * LOW HITPOINT WARNING * * *
The worm bites you.
You die...

# #. #.. #.# #..### ## #...####
#...###c...######
#...w@((.......#####
#...###(...#####. ... ..#
##.(.#### #.# ###.. #..####.##
####.## # ..##.###.##.###.##
#<....# # ##...#..#..#.## ##.#
#.##..### # ##....##.#.###.###.##
#.##..... ###......#.#.###..#.##
#.##...##
##.......#...##....######.##>†..#


You could see a centaur and a worm.

Vanquished Creatures
  An adder (D:2)
  2 dart slugs (D:1)
  2 leopard geckos (D:1)
  2 giant cockroaches (D:1)
  2 goblins
  A hobgoblin (D:2)
  7 kobolds (D:1)
  4 bats
  2 rats (D:1)
23 creatures vanquished.

Vanquished Creatures (others)
  10 plants (D:1)
10 creatures vanquished.

Grand Total: 33 creatures vanquished

Notes
Turn   | Place    | Note
-------+----------+-------------------------------------------
     0 | D:1      | dtburroughs the Minotaur Berserker began the quest for the
                  | Orb.
     0 | D:1      | Reached XP level 1. HP: 19/19 MP: 0/0
   314 | D:1      | Reached XP level 2. HP: 27/27 MP: 1/1
  1136 | D:2      | Reached XP level 3. HP: 28/33 MP: 2/2
  1323 | D:2      | Noticed a centaur
  1337 | D:2      | Slain by a worm

Illustrated notes

Levels and vault maps discovered:
D:1:      saegor_arrival_simple_d, layout_basic, chequers_jeans,
          lexackson_kobold_supper
D:2:      minmay_general_purpose_star, layout_loops_corners,
          kennysheep_ying_yang

Skill      XL: |  1  2 |
---------------+-------+-----
Fighting       | 4 |  4.1
Axes           | 4 |  4.1
Armour         | 3 |  3.0
Dodging        | |  2.8

Action                   || total
-------------------------++-------
Melee: Hand axe          ||    39
       Headbutt          ||    10
Invok: Berserk           ||     1
Armor: Ring mail         ||    11
       Plate armour      ||     9
Dodge: Dodged            ||    22
